 Dungeon Sprint DCSS version 0.31-a0-795-g5eb97db20b (webtiles) character file.

Game seed: 8334067925015278387

8745 sircluck the Brawler (level 11, -1/192 HPs)
             Began as a Troll Berserker on Sept 18, 2023.
             Was a High Priest of Trog.
             Slain by a skeletal warrior
             ... wielding a +0 mace
              (10 damage)
             ... in the Dungeon (Sprint VII: "The Pits").
             The game lasted 00:04:32 (873 turns).

sircluck the Brawler (Troll Berserker)               Turns: 873, Time: 00:04:32

Health: -1/192     AC:  4    Str: 31    XL:     11   Next: 13%
Magic:  10/10      EV: 13    Int:  3    God:    Trog [*****.]
Gold:   0          SH:  0    Dex:  9    Spells: 10/10 levels left

rFire   . .          .
                       - Unarmed
rCold   . . .        (no shield)
rNeg    . . .        a - +0 animal skin
rPois   .            k - +0 hat
rElec   .            (no cloak)
rCorr   .            (gloves unavailable)
SInv    .            (boots unavailable)
Will    .....        (no amulet) Stlth
                     (no ring)
HPRegen 1.32/turn    (no ring)
MPRegen 0.12/turn

%: no teleportation
@: berserking, lethally poisoned (-1 -> -6), very quick
A: large, unfitting armour, claws 3, regeneration 1, shaggy fur 1, tough skin 1
a: Renounce Religion, Berserk, Trog's Hand, Brothers in Arms


You were in the Dungeon.
You worshipped Trog.
Trog was extremely pleased with you.
You visited 1 branch

Inventory:

Missiles
 o - 4 large rocks
Armour
 a - a +0 animal skin (worn)
 k - a +0 hat (worn)
Jewellery
 l - a +3 ring of protection
 m - a +3 ring of evasion
Scrolls
 g - a scroll of blinking
 i - 2 scrolls of vulnerability
 j - a scroll of summoning
Potions
 b - 10 potions of curing
 c - 9 potions of heal wounds
 d - 3 potions of haste
 e - 4 potions of magic
 f - 3 potions of berserk rage
 h - 2 potions of invisibility
 n - a potion of mutation


   Skills:
 + Level 13.8 Fighting
 + Level 13.6 Dodging
 + Level 16.0 Unarmed Combat


You had 10 spell levels left.
You didn't know any spells.
Your spell library was empty.

Dungeon Overview and Level Annotations

Branches:
Dungeon (1/1)

Altars:
Ashenzari
Cheibriados
Dithmenos
Elyvilon
Fedhas
Gozag
Hepliaklqana
Kikubaaqudgha
Makhleb
Nemelex Xobeh
Okawaru
Qazlal
Ru
Sif Muna
Trog
Uskayaw
Vehumet
Wu Jian
Xom
Yredelemnul
Zin
The Shining One
Jiyva
Lugonu


Innate Abilities, Weirdness & Mutations

You are too large for most types of armour.
You have claws for hands.
Your natural rate of healing is unusually fast.
You are covered in fur. (AC +1)
You have tough skin. (AC +1)


Message History

You feel very sick.
You mangle the emperor scorpion!!
You feel the power of Trog in you as your rage grows.
You kill the emperor scorpion!
Trog accepts your kill.
You feel very sick.
The orange demon stings you but does no damage.
Your Unarmed Combat skill increases to level 16!
You mangle the skeletal warrior!!
The skeletal warrior is moderately damaged.
You feel very sick.
You mangle the skeletal warrior!! Your claw misses the skeletal warrior.
The skeletal warrior is severely damaged.
You feel very sick. The orange demon stings you from afar.
The jelly jiggles.
A jumping spider comes into view.
You feel very sick.
The jumping spider's many legs skitter faintly.
There is an open door here.
You see here an emperor scorpion corpse.
You closely miss the skeletal warrior.
The skeletal warrior is severely damaged.
You feel very sick.
The skeletal warrior hits you with a +0 mace!
The orange demon misses you. The orange demon closely misses you.
The skeletal warrior hits you with a +0 scimitar!!
* * * LOW HITPOINT WARNING * * *
You claw the skeletal warrior! Your claw misses the skeletal warrior.
The skeletal warrior is almost destroyed.
You feel sick.
The jumping spider leaps!
You scratch the skeletal warrior.
The skeletal warrior is almost destroyed.
You feel sick.
The skeletal warrior hits you from afar with a +0 glaive!
* * * LOW HITPOINT WARNING * * *
The skeletal warrior hits you with a +0 scimitar!!
* * * LOW HITPOINT WARNING * * *
The skeletal warrior hits you with a +0 mace!
You die...

###### ############
###### ....'.†')..###
..... ....'.)).....##
.... ...##..##.....##
.s.# .###....###....#
..°#
##........###.###..# .
#...#..#...#.)..#zY#....
...........+).)z@zo'....
#...#..#...#))..#4J#....
##........###.###zo# .
.###....###....# ...#
...##..##.....## ...#
....'..'.....## ....
#...'..'...### .....
############ ######


You could see an elephant, 4 skeletal warriors, an orange demon, a jumping
spider, an orc warrior, a jelly and an orc.

Vanquished Creatures
  Gastronok (D)
  An emperor scorpion (D)
  A two-headed ogre (D)
  A death yak (D)
  A sun demon (D)
  A deep elf zephyrmancer (D)
  A cyclops (D)
  A molten gargoyle (D)
  A hornet (D)
  A shadow (D)
  Sigmund (D)
  Eustachio (D)
  A water moccasin (D)
  2 floating eyes (D)
  Pargi (D)
  A phantom (D)
  Blork the orc (D)
  A necrophage (D)
  A scorpion (D)
  5 killer bees (D)
  An iron imp (D)
  A gnoll bouda (D)
  A hound (D)
  An iguana (D)
  2 hell rats (D)
  A mummy (D)
  An adder (D)
  3 gnolls (D)
  An orc (D)
  An endoplasm (D)
  A giant cockroach (D)
  A goblin (D)
  A hobgoblin (D)
  A kobold (D)
  2 quokkas (D)
  A quokka skeleton (D)
  A rat (D)
46 creatures vanquished.

Vanquished Creatures (collateral kills)
  A demonic crawler (D)
  A skeletal warrior (D)
  A bog body (D)
  A gargoyle (D)
  A rime drake (D)
  A wraith (D)
  A kobold brigand (D)
7 creatures vanquished.

Grand Total: 53 creatures vanquished

Notes
Turn   | Place    | Note
-------+----------+-------------------------------------------
     0 | D        | sircluck the Troll Berserker began the quest for the Orb.
     0 | D        | Reached XP level 1. HP: 22/22 MP: 0/0
    11 | D        | Noticed a hell rat
    11 | D        | Noticed Eustachio
    20 | D        | Killed a hell rat
    21 | D        | Reached skill level 4 in Unarmed Combat
    21 | D        | Reached XP level 2. HP: 17/31 MP: 1/1
    24 | D        | Killed Eustachio
    24 | D        | Reached ** piety under Trog
    25 | D        | Reached skill level 5 in Fighting
    25 | D        | Reached skill level 5 in Dodging
    25 | D        | Reached skill level 6 in Unarmed Combat
    25 | D        | Reached XP level 3. HP: 27/42 MP: 2/2
    25 | D        | Reached XP level 4. HP: 32/50 MP: 3/3
    25 | D        | Reached XP level 5. HP: 37/57 MP: 4/4
    87 | D        | Found a bloodstained altar of Trog.
    87 | D        | Found a shimmering blue altar of Sif Muna.
    87 | D        | Found a viscous altar of Jiyva.
    87 | D        | Found a hazy altar of Hepliaklqana.
    87 | D        | Found an opulent altar of Gozag.
    88 | D        | Found a glowing golden altar of the Shining One.
    88 | D        | Found a glowing silver altar of Zin.
    88 | D        | Found a basalt altar of Yredelemnul.
    88 | D        | Found a shimmering altar of Xom.
    88 | D        | Found an ornate altar of the Wu Jian Council.
    88 | D        | Found a sacrificial altar of Ru.
    88 | D        | Found a stormy altar of Qazlal.
    88 | D        | Found an iron altar of Okawaru.
    88 | D        | Found a sparkling altar of Nemelex Xobeh.
    88 | D        | Found a burning altar of Makhleb.
    88 | D        | Found a blossoming altar of Fedhas.
    88 | D        | Found a white marble altar of Elyvilon.
    88 | D        | Found a shadowy altar of Dithmenos.
    88 | D        | Found a snail-covered altar of Cheibriados.
    91 | D        | Found a corrupted altar of Lugonu.
    91 | D        | Found a radiant altar of Vehumet.
    92 | D        | Found an ancient bone altar of Kikubaaqudgha.
    92 | D        | Found a hide-covered altar of Uskayaw.
    92 | D        | Found a broken altar of Ashenzari.
   134 | D        | Reached *** piety under Trog
   135 | D        | Reached skill level 7 in Unarmed Combat
   139 | D        | Noticed a floating eye
   143 | D        | Paralysed by a floating eye for 4 turns
   148 | D        | Killed a floating eye
   149 | D        | Reached skill level 8 in Unarmed Combat
   149 | D        | Reached XP level 6. HP: 55/71 MP: 5/5
   152 | D        | Reached **** piety under Trog
   212 | D        | Noticed Pargi
   230 | D        | Killed Pargi
   231 | D        | Reached skill level 9 in Unarmed Combat
   245 | D        | Reached ***** piety under Trog
   246 | D        | Reached XP level 7. HP: 77/79 MP: 6/6
   264 | D        | Noticed Sigmund
   272 | D        | Killed Sigmund
   296 | D        | Noticed Gastronok
   304 | D        | Killed Gastronok
   304 | D        | Received a gift from Trog
   305 | D        | Reached skill level 10 in Fighting
   305 | D        | Reached skill level 10 in Dodging
   305 | D        | Reached skill level 11 in Unarmed Combat
   305 | D        | Reached XP level 8. HP: 76/93 MP: 7/7
   312 | D        | Noticed Blork the orc
   319 | D        | Killed Blork the orc
   320 | D        | Reached skill level 12 in Unarmed Combat
   333 | D        | Noticed a demonic crawler
   333 | D        | Noticed a bog body
   359 | D        | Killed a demonic crawler
   359 | D        | Received a gift from Trog
   360 | D        | Reached XP level 9. HP: 102/102 MP: 8/8
   361 | D        | Killed a bog body
   362 | D        | Reached skill level 13 in Unarmed Combat
   370 | D        | Found the +10 zealot's sword {holy, Zealotry, *Rage rN+
                  | EV+3}
   449 | D        | Noticed a sun demon
   460 | D        | Killed a sun demon
   504 | D        | Identified the +0 great sword "Pugybb" {heavy, Fly rPois
                  | Str+3} (Trog gifted it to you in the Dungeon)
   504 | D        | Received a gift from Trog
   505 | D        | Reached XP level 10. HP: 115/115 MP: 9/9
   515 | D        | Noticed a gargoyle
   517 | D        | Noticed a cyclops
   520 | D        | Killed a gargoyle
   521 | D        | Reached skill level 14 in Unarmed Combat
   523 | D        | Killed a cyclops
   586 | D        | Noticed a deep elf zephyrmancer
   587 | D        | Noticed a molten gargoyle
   595 | D        | Killed a deep elf zephyrmancer
   599 | D        | Received a gift from Trog
   602 | D        | Killed a molten gargoyle
   608 | D        | Reached skill level 15 in Unarmed Combat
   798 | D        | Noticed a death yak
   801 | D        | Noticed a two-headed ogre
   806 | D        | Killed a death yak
   806 | D        | Reached ****** piety under Trog
   808 | D        | Received a gift from Trog
   812 | D        | Killed a two-headed ogre
   851 | D        | Noticed an orange demon
   851 | D        | Noticed an emperor scorpion
   851 | D        | Noticed a skeletal warrior
   851 | D        | Noticed a skeletal warrior
   851 | D        | Noticed an elephant
   851 | D        | Noticed a skeletal warrior
   852 | D        | Noticed a skeletal warrior
   855 | D        | Noticed a skeletal warrior
   857 | D        | Killed a skeletal warrior
   858 | D        | Reached XP level 11. HP: 127/127 MP: 10/10
   867 | D        | Killed an emperor scorpion
   868 | D        | Reached skill level 16 in Unarmed Combat
   873 | D        | HP: 9/192 [skeletal warrior/+0 scimitar (19)]
   873 | D        | Slain by a skeletal warrior

Illustrated notes

Levels and vault maps discovered:
D:        pitsprint [storerooms_1, entrance_room_1, metal_vault_4, armoury_2,
          mini_pit_1, grid_room_1, main_hall_1, silver_pit, the_coven_1,
          the_vestibule_1, steel_vault_5, golden_pit, hallway_of_sentries,
          crystal_vault_5, iron_vault_3, final_vault]

Skill      XL: |  1  2  3  4  5  6  7  8  9 10 11 |
---------------+----------------------------------+-----
Fighting       | 3 5 7 10 11 13 | 13.8
Dodging        | 3 5 6 7 10 11 13 | 13.6
Unarmed Combat | 4 6 8 9 11 12 13 15 16 | 16.0

Action                     |  1- 3 |  4- 6 |  7- 9 | 10-12 || total
---------------------------+-------+-------+-------+-------++-------
  Melee: Unarmed           |     9 |    34 |    38 |    55 ||   136
         Punch             |       |     3 |     3 |     1 ||     7
 Invoke: Berserk           |     1 |       |     1 |     4 ||     6
         Brothers in Arms  |       |       |     1 |     2 ||     3
    Use: Potion            |       |       |       |     1 ||     1
   Stab: Sleeping          |       |     1 |       |       ||     1
 Armour: Animal skin       |     4 |    31 |    15 |    50 ||   100
  Dodge: Dodged            |     1 |    13 |     8 |    41 ||    63

Table legend: (Time is in decaauts)
 A = Elapsed time spent in this place.
 B = Non-inter-level travel time spent in this place.
 C = Inter-level travel time spent in this place.
 D = Time resting spent in this place.
 E = Time spent auto-exploring this place.
 F = Levels seen in this place.
 G = Mean time per level.
                   A        B        C        D        E       F      G
               +--------+--------+--------+--------+--------+-----+--------+
         Total |    875 |    824 |     51 |    346 |     99 |   1 |  875.0 |
       Dungeon |    875 |    824 |     51 |    346 |     99 |   1 |  875.0 |
               +--------+--------+--------+--------+--------+-----+--------+

Top non-repeatable levels by time:
       D: 875 daAuts
